cohdb
Replays
Latest Replays
All Replays
Popular Replays
Top Player Replays
Match Explorer
How It Works
Community
CoH3 Stats
Reddit
Sign in to upload your games and track your stats! →
Sign in with Steam
Match 37671855
Unlisted
Match 37671855
Overview
Messages
Build Orders
End
Pioneer Squad
Construct Infanterie Kompanie
MG 42 Machine Gun Team
Selects Mechanized Battlegroup
Kettenkrad Recon Vehicle
Grenadier Squad
GrW 34 Mortar Team
Grenadier Squad
Infanterie Officer Quarters
Medical Station
Grenadier Squad
Construct Luftwaffe Kompanie
Support Elements
Wrujo
Microsoft Outlook
0
0
Comments
sign in to comment!
No comments posted yet!